 Dungeon Crawl Stone Soup version 0.18-a0-1343-g48c8f86 (webtiles) character file.

65 4thArraOfDagon the Skirmisher (level 3, -20/34 HPs)
             Began as a Minotaur Ice Elementalist on Feb 16, 2016.
             Demolished by an ogre
             ... wielding a +0 giant club
              (25 damage)
             ... on level 6 of the Dungeon.
             The game lasted 00:05:39 (1453 turns).

4thArraOfDagon the Skirmisher (MiIE)                Turns: 1453, Time: 00:05:39

Health: -20/34     AC:  7    Str: 17    XL:     3   Next: 94%
Magic:  4/4        EV: 11    Int: 12    God:
Gold:   48         SH:  0    Dex: 11    Spells: 1 memorised, 3 levels left

rFire  . . .     SeeInvis .     u - +0 trident
rCold  + . .     Gourm    .     n - +0 ring mail
rNeg   . . .     Faith    .     (no shield)
rPois  .         Spirit   .     (helmet restricted)
rElec  .         Dismiss  .     (no cloak)
rCorr  .         Reflect  .     s - +0 pair of gloves
SustAt +         Harm     .     q - +0 pair of boots (curse)
MR     .....                    (no amulet)
Stlth  +.........               m - ring of sustain attributes
                                l - ring of protection from cold

@: mighty, not resistant to hostile enchantments, very unstealthy
A: retaliatory headbutt, horns 2
a: no special abilities


You were on level 6 of the Dungeon.
You were not hungry.

You visited 1 branch of the dungeon, and saw 5 of its levels.

You collected 48 gold pieces.

Inventory:

Hand Weapons
 u - a +0 trident (weapon)
Armour
 i - a +0 chain mail
 n - a +0 ring mail (worn)
 q - a cursed +0 pair of boots (worn)
 s - a +0 pair of gloves (worn)
Jewellery
 l - a ring of protection from cold (left hand)
 m - a ring of sustain attributes (right hand)
Scrolls
 d - 2 scrolls of noise
 e - a scroll of immolation {unknown}
 f - a scroll of identify {unknown}
 p - a scroll of teleportation {unknown}
Potions
 h - 2 potions of berserk rage {unknown}
 j - a potion of invisibility {unknown}
 o - a potion of brilliance {unknown}
 r - a potion of mutation {unknown}
Books
 b - a book of Frost

   Spells                             Type                      Level
   a - Freeze                         Ice                          1
   b - Throw Frost                    Conjuration/Ice              2
   c - Ozocubu's Armour               Charms/Ice                   3
   d - Throw Icicle                   Conjuration/Ice              4
   e - Summon Ice Beast               Ice/Summoning                4
 t - a book of Fire

   Spells                             Type                      Level
   a - Ignite Poison                  Fire/Transmutation/Poison    3
   b - Fireball                       Conjuration/Fire             5
   c - Bolt of Fire                   Conjuration/Fire             6
   d - Delayed Fireball               Conjuration/Fire             7
   e - Ring of Flames                 Charms/Fire                  7
Comestibles
 c - 3 bread rations
 g - a meat ration


   Skills:
 - Level 4.3 Fighting
 + Level 0.0 Armour
 - Level 2.1 Dodging
 - Level 1.5 Stealth
 - Level 1.3 Spellcasting
   Level 0.6 Conjurations
 - Level 2.1 Ice Magic


You had 3 spell levels left.
You knew the following spells:

 Your Spells              Type           Power        Failure   Level  Hunger
a - Freeze                Ice            #...         21%         1    ##.....


Dungeon Overview and Level Annotations

Branches:
Dungeon (4/15)
 Temple: D:4-7

Altars:
Dithmenos
Nemelex Xobeh

Annotations:
D:3 Ratboiler's ghost, amateur DEWn


Innate Abilities, Weirdness & Mutations

You reflexively headbutt those who attack you in melee.
You have a pair of horns on your head.


Message History

Unknown command.
Attack whom?
Press: ? - help, Dir - move target cursor, f - ogre
Aim: an ogre, wielding a giant club You reach to attack!
You puncture the ogre!
The ogre is heavily wounded.
The ogre hits you with a giant club!!
Ouch! That really hurt!
* * * LOW HITPOINT WARNING * * *
You are too injured to fight recklessly!
You are too injured to fight recklessly!
Unknown command.
Attack whom?
Press: ? - help, Dir - move target cursor, f/p - ogre
Aim: an ogre, wielding a giant club (heavily wounded)
You reach to attack!
You hit the ogre.
The ogre is heavily wounded.
The ogre hits you with a giant club!!
Ouch! That really hurt!
You die...

#.### #.## ## #..#
##..### ##
##.....######...
######
##...............
#....##
##............#
#.....###...........#
'....(...........O..##
'.........#.....@##..#
#.........#.....)###.#
#........##......#
#..#
#........##......#
##...
.........##......#
....
......#..##......#
....
#######..##.....##
..... ..###.....#
...... ..# #.....#


You could see an ogre.

Vanquished Creatures
  An adder (D:2)
  2 worms (D:2)
  A giant gecko (D:2)
  A ball python (D:2)
  4 bats
  A giant cockroach (D:2)
  5 hobgoblins
  12 jackals
  5 giant newts
  7 goblins
  2 kobolds
  5 rats
46 creatures vanquished.

Notes
Turn   | Place    | Note
--------------------------------------------------------------
     0 | D:1      | 4thArraOfDagon the Minotaur Ice Elementalist began the quest for the Orb.
     0 | D:1      | Reached XP level 1. HP: 14/14 MP: 1/1
    29 | D:1      | 4thArraOfDagon: where would you go, depths? rock trolls,dragons would wreck my ass
    29 | D:1      | Turgon: Unfair
    29 | D:1      | Turgon: Deep elf annihilator (3d34 damage)
    29 | D:1      | Turgon: That's max 102
    29 | D:1      | Turgon: you got 98
    29 | D:1      | Turgon: argh
    60 | D:1      | Reached skill level 1 in Fighting
   107 | D:1      | Reached XP level 2. HP: 9/24 MP: 0/3
   368 | D:1      | Reached skill level 3 in Fighting
   658 | D:2      | Reached XP level 3. HP: 31/31 MP: 2/4
   782 | D:2      | You fall through a shaft for 2 floors!
   786 | D:4      | Found a shadowy altar of Dithmenos.
   842 | D:2      | Found a sparkling altar of Nemelex Xobeh.
   869 | D:2      | Reached skill level 4 in Fighting
  1151 | D:3      | Noticed Ratboiler's ghost (amateur DEWn)
  1298 | D:3      | You fall through a shaft for 3 floors!
  1299 | D:6      | WTF
  1349 | D:6      | Noticed a scorpion
  1389 | D:6      | Noticed an ice beast
  1443 | D:6      | Noticed an ogre
  1453 | D:6      | Demolished by an ogre

Vault maps used:
D:1:      sevenhm_arrival_forest_fort_large_2, serial_forest,
          infiniplex_forest_clump_double, infiniplex_forest_clump_curved,
          infiniplex_forest_diagonal, infiniplex_forest_clump_tiny,
          infiniplex_forest_lined_3, infiniplex_forest_clump_medium,
          infiniplex_forest_clump_curved, infiniplex_forest_straight_5
D:2:      lemuel_crystal_altar, grunt_ministairs_12
D:3:      lemuel_round_altar, old_standard_altar, uniq_sigmund, uniq_iyjb,
          uniq_robin
D:4:      lemuel_doored_altar, gammafunk_temple_overflow_pools,
          grunt_dithmenos_smoke, uniq_grinder
D:6:      kennysheep_mini, lemuel_crystal_altar, kennysheep_generic_room_15

Action                   || total
-------------------------++-------
Melee: Unarmed           ||    36
       Spear             ||    68
       Trident           ||     2
 Cast: Freeze            ||    35
  Use: Scroll            ||     1
       Potion            ||     1
 Stab: Sleeping          ||     2
  Eat: Chunk             ||     2
       Beef jerky        ||     1
